 Dungeon Crawl Stone Soup version 0.28.0-43-g3370ac3207 (webtiles) character file.

Game seed: 2284502733675154995

1489 Ablot the Grasshopper (level 8, 0/64 HPs)
             Began as a Gnoll Warper on Mar 29, 2022.
             Was a Believer of Dithmenos.
             Slain by a gnoll sergeant
             ... wielding a +0 spear
              (7 damage)
             ... on level 6 of the Dungeon.
             The game lasted 00:10:26 (7061 turns).

Ablot the Grasshopper (Gnoll Warper)                Turns: 7061, Time: 00:10:27

Health: 0/64       AC: 10    Str: 12    XL:     8   Next: 80%
Magic:  17/17      EV: 13    Int: 14    God:    Dithmenos [**....]
Gold:   376        SH:  0    Dex: 11    Spells: 17/19 levels left

rFire   + . .      SeeInvis .   w - +5 dagger of Wyrd {vorpal, rF+ rC+}
rCold   + . .      Faith    .   (no shield)
rNeg    . . .      Spirit   .   b - +0 leather armour
rPois   .          Reflect  .   D - +2 helmet
rElec   .          Harm     .   E - +1 cloak
rCorr   +          Rampage  .   C - +0 pair of gloves
Will    .....                   (no boots)
Stlth   ++........              n - amulet of the acrobat
HPRegen 0.20/turn               G - ring of resist corrosion
MPRegen 0.15/turn               (no ring)

@: wreathed by umbra
A: fangs 1, strong nose, distributed training
a: Renounce Religion, Shadow Step


You were on level 6 of the Dungeon.
You worshipped Dithmenos.
Dithmenos was pleased with you.
You visited 2 branches of the dungeon, and saw 7 of its levels.
You also visited: Ossuary.

You collected 376 gold pieces.

Inventory:

Hand Weapons
 a - a +0 spear
 w - the +5 dagger of Wyrd (weapon) {vorpal, rF+ rC+}
   (You found it on level 4 of the Dungeon)

   It inflicts extra damage upon your enemies.
   rF:        It protects you from fire.
   rC:        It protects you from cold.
Missiles
 d - 5 boomerangs of dispersal
 i - 159 stones
 p - 2 boomerangs (quivered)
 u - 38 arrows
Armour
 b - a +0 leather armour (worn)
 C - a +0 pair of gloves (worn)
 D - a +2 helmet (worn)
 E - a +1 cloak (worn)
Magical Staves
 z - a staff of poison
Jewellery
 n - an amulet of the acrobat (around neck)
 G - a ring of resist corrosion (left hand)
Scrolls
 c - 2 scrolls of blinking
 e - 2 scrolls of amnesia {unknown}
 f - 5 scrolls of identify {unknown}
 h - a scroll of brand weapon {unknown}
 j - 4 scrolls of teleportation {unknown}
 l - a scroll of fog {unknown}
 r - 2 scrolls of immolation {unknown}
 x - a scroll of torment {unknown}
 y - a scroll of noise {unknown}
 A - a scroll of vulnerability {unknown}
Potions
 g - 2 potions of flight {unknown}
 k - a potion of attraction {unknown}
 m - a potion of might {unknown}
 o - 2 potions of haste {unknown}
 q - 2 potions of curing {unknown}
 s - a potion of mutation {unknown}
 t - 2 potions of cancellation {unknown}
 v - 2 potions of degeneration {unknown}
 B - 2 potions of ambrosia {unknown}
 F - a potion of resistance {unknown}


   Skills:
 + Level 5.9 Fighting
 + Level 3.6 Short Blades
 + Level 3.6 Long Blades
 + Level 3.6 Axes
 + Level 3.6 Maces & Flails
 + Level 5.9 Polearms
 + Level 3.6 Staves
 + Level 3.6 Slings
 + Level 3.6 Bows
 + Level 3.6 Crossbows
 + Level 4.5 Throwing
 + Level 4.5 Armour
 + Level 5.9 Dodging
 + Level 3.6 Stealth
 + Level 3.6 Shields
 + Level 3.6 Unarmed Combat
 + Level 6.2 Spellcasting
 + Level 2.9 Conjurations
 + Level 2.9 Hexes
 + Level 2.9 Summonings
 + Level 2.9 Necromancy
 + Level 6.2 Translocations
 + Level 2.9 Transmutations
 + Level 2.9 Fire Magic
 + Level 2.9 Ice Magic
 + Level 2.9 Air Magic
 + Level 2.9 Earth Magic
 + Level 2.9 Poison Magic
 + Level 4.0 Invocations
 + Level 3.6 Evocations


You had 17 spell levels left.
You knew the following spells:

 Your Spells              Type           Power      Damage    Failure   Level
a - Blink                 Tloc           42%        N/A       2%          2

Your spell library contained the following spells:

 Spells                   Type           Power      Damage    Failure   Level
 Gell's Gravitas          Tloc           21%        N/A       4%          3
 Lesser Beckoning         Tloc           21%        N/A       4%          3
 Teleport Other           Tloc           21%        N/A       4%          3
 Portal Projectile        Hex/Tloc       34%        N/A       9%          3
 Confusing Touch          Hex            12%        N/A       17%         3
 Stone Arrow              Conj/Erth      24%        3d8       17%         3
 Manifold Assault         Tloc           21%        N/A       38%         5
 Animate Armour           Summ/Erth      24%        N/A       50%         4
 Blade Hands              Tmut           6%         N/A       85%         5
 Excruciating Wounds      Necr           6%         N/A       85%         5
 Yara's Violent Unravell  Hex/Tmut       6%         3d5       85%         5
 Enfeeble                 Hex            6%         N/A       100%        7
 Lehudib's Crystal Spear  Conj/Erth      6%         10d3      100%        8


Dungeon Overview and Level Annotations

Branches:
Dungeon (6/15)             Temple (1/1) D:5         Ossuary (visited)

Altars:
Dithmenos
Fedhas
Kikubaaqudgha
Makhleb
Okawaru
Ru
Sif Muna
Trog
Uskayaw
Wu Jian
Xom
Yredelemnul
Zin

Annotations:
D:3 exclusion: ogre


Innate Abilities, Weirdness & Mutations

You have very sharp teeth.
Your uncanny sense of smell can sniff out nearby items.
Your experience applies equally to all skills.


Message History

You barely miss the gnoll.
The gnoll is almost dead.
You hit the gnoll.
You kill the gnoll!
Dithmenos accepts your kill. The gnoll sergeant barely misses you.
Your Invocations skill increases to level 4!
You hit the gnoll sergeant but do no damage.
Your punch misses the gnoll sergeant.
The gnoll sergeant is almost dead.
The gnoll sergeant hits you with a +0 spear.
* * * LOW HITPOINT WARNING * * *
The centaur zombie barely misses you. The centaur zombie closely misses you.
You barely miss the gnoll sergeant.
The gnoll sergeant is almost dead.
The gnoll sergeant barely misses you.
The centaur zombie hits you but does no damage.
The centaur zombie barely misses you.
You barely miss the gnoll sergeant.
The gnoll sergeant is almost dead.
The centaur zombie hits you but does no damage.
The centaur zombie barely misses you.
The gnoll sergeant hits you with a +0 spear.
* * * LOW HITPOINT WARNING * * *
You hit the gnoll sergeant.
The gnoll sergeant is almost dead.
The centaur zombie hits you but does no damage.
The centaur zombie completely misses you.
The gnoll sergeant blocks your attack.
The gnoll sergeant is almost dead.
The gnoll sergeant barely misses you. The centaur zombie hits you.
* * * LOW HITPOINT WARNING * * *
The centaur zombie kicks you.
* * * LOW HITPOINT WARNING * * *
You barely miss the gnoll sergeant.
The gnoll sergeant is almost dead.
The centaur zombie closely misses you.
The centaur zombie kicks you but does no damage.
The gnoll sergeant hits you with a +0 spear!
You die...

#### #...# ..)..#
.# ......# .#
#.## .......
#.##...# .......
#.#....#
......Z###.#....#
......g@)#.#....#
.....###.)..#...#
#.. #..#...# #
##...#.#
#####...#.###
#..$........#
#.###...#...# #.#
##.##.### #.#
#.##.#


You could see a gnoll sergeant and a centaur zombie.

Vanquished Creatures
  A black bear (D:5)
  2 ogres
  A necrophage (D:5)
  3 phantoms
  2 elf zombies (Ossuary)
  A bullfrog (D:6)
  A jelly (D:4)
  2 human zombies (Ossuary)
  2 centaur zombies
  2 bullfrog skeletons
  A hound (D:4)
  2 orc priests
  An iguana (D:4)
  2 orc wizards (D:5)
  A killer bee zombie (D:5)
  3 hound zombies (Ossuary)
  A hound skeleton (D:4)
  3 mummies (Ossuary)
  4 gnolls (D:6)
  8 adders
  A white imp (D:5)
  7 adder zombies (Ossuary)
  2 adder skeletons
  A worm (D:2)
  13 orcs
  3 bats
  4 endoplasms
  2 giant cockroaches (D:1)
  A gnoll zombie (Ossuary)
  6 goblins
  4 hobgoblins
  2 quokkas
  4 ball pythons
  4 frilled lizards
  4 goblin zombies (Ossuary)
  A hobgoblin zombie (Ossuary)
  3 jackal zombies (Ossuary)
  9 kobolds
  4 kobold zombies (Ossuary)
  2 orc zombies (Ossuary)
  4 quokka zombies (Ossuary)
  8 rats
  A rat zombie (Ossuary)
133 creatures vanquished.

Vanquished Creatures (others)
  9 plants (D:2)
9 creatures vanquished.

Grand Total: 142 creatures vanquished

Notes
Turn   | Place    | Note
-------+----------+-------------------------------------------
     0 | D:1      | Ablot the Gnoll Warper began the quest for the Orb.
     0 | D:1      | Reached XP level 1. HP: 20/20 MP: 6/6
   301 | D:1      | Reached XP level 2. HP: 26/26 MP: 7/7
   304 | D:1      | Learned a level 2 spell: Blink
   904 | D:2      | Reached XP level 3. HP: 14/31 MP: 9/9
   933 | D:2      | Reached skill level 5 in Spellcasting
  1282 | D:2      | Reached skill level 1 in Invocations
  1531 | D:2      | Reached skill level 1 in Short Blades
  1531 | D:2      | Reached skill level 1 in Long Blades
  1531 | D:2      | Reached skill level 1 in Axes
  1531 | D:2      | Reached skill level 1 in Maces & Flails
  1531 | D:2      | Reached skill level 1 in Staves
  1531 | D:2      | Reached skill level 1 in Slings
  1531 | D:2      | Reached skill level 1 in Bows
  1531 | D:2      | Reached skill level 1 in Crossbows
  1531 | D:2      | Reached skill level 1 in Stealth
  1531 | D:2      | Reached skill level 1 in Shields
  1531 | D:2      | Reached skill level 1 in Unarmed Combat
  1531 | D:2      | Reached skill level 1 in Evocations
  1669 | D:2      | Reached XP level 4. HP: 28/38 MP: 11/11
  2081 | D:3      | Found a shadowy altar of Dithmenos.
  2106 | D:3      | Became a worshipper of Dithmenos the Shadowed
  2151 | D:3      | Noticed an ogre
  2554 | D:3      | Reached skill level 1 in Conjurations
  2554 | D:3      | Reached skill level 1 in Hexes
  2554 | D:3      | Reached skill level 1 in Summonings
  2554 | D:3      | Reached skill level 1 in Necromancy
  2554 | D:3      | Reached skill level 1 in Transmutations
  2554 | D:3      | Reached skill level 1 in Fire Magic
  2554 | D:3      | Reached skill level 1 in Ice Magic
  2554 | D:3      | Reached skill level 1 in Air Magic
  2554 | D:3      | Reached skill level 1 in Earth Magic
  2554 | D:3      | Reached skill level 1 in Poison Magic
  2774 | D:4      | Noticed an ogre
  2833 | D:4      | Reached XP level 5. HP: 38/43 MP: 12/12
  2870 | D:4      | Found a sand-covered staircase.
  2877 | Ossuary  | Entered an ossuary
  3027 | Ossuary  | Reached * piety under Dithmenos
  3064 | Ossuary  | HP: 2/43 [human zombie (4)]
  3092 | Ossuary  | HP: 1/43 [human zombie (5)]
  3406 | Ossuary  | Reached XP level 6. HP: 50/50 MP: 13/13
  3492 | Ossuary  | Reached skill level 5 in Fighting
  3492 | Ossuary  | Reached skill level 5 in Polearms
  3492 | Ossuary  | Reached skill level 5 in Dodging
  4250 | Ossuary  | Reached XP level 7. HP: 26/56 MP: 15/15
  5054 | D:4      | Reached ** piety under Dithmenos
  5324 | D:4      | Identified the +5 dagger of Wyrd {vorpal, rF+ rC+}
  5399 | D:4      | Found a shimmering blue altar of Sif Muna.
  5671 | D:5      | Entered Level 5 of the Dungeon
  5678 | D:5      | Reached XP level 8. HP: 54/63 MP: 16/16
  5763 | D:5      | Found a staircase to the Ecumenical Temple.
  5773 | Temple   | Entered the Ecumenical Temple
  5988 | D:5      | Found a sacrificial altar of Ru.
  6830 | D:6      | Noticed a gargoyle
  7061 | D:6      | Slain by a gnoll sergeant

Illustrated notes

Levels and vault maps discovered:
D:1:      scummos_arrival_star, layout_basic
D:2:      layout_loops_cross, lexackson_kobold_supper
D:3:      layout_loops_cross, nicolae_dithmenos_shadow_blocks
D:4:      layout_rooms, nicolae_sif_muna_little_library,
          nicolae_ossuary_entry_plus, kennysheep_generic_room_8
D:5:      layout_gridville, mainiacjoe_overflow_surrounded_room,
          minmay_temple_entry_metal_lava
D:6:      layout_loops_ring, elyvilon_altar_5, ebering_ghost_sewer_d,
          uniq_crazy_yiuf_cottage
Temple:   zaba_magenta_temple

Skill      XL: |  1  2  3  4  5  6  7  8 |
---------------+-------------------------+-----
Spellcasting   | 5 6 |  6.2
Invocations    | 1 2 3 4 |  4.0
Short Blades   | 1 2 3 |  3.6
Long Blades    | 1 2 3 |  3.6
Axes           | 1 2 3 |  3.6
Maces & Flails | 1 2 3 |  3.6
Staves         | 1 2 3 |  3.6
Slings         | 1 2 3 |  3.6
Bows           | 1 2 3 |  3.6
Crossbows      | 1 2 3 |  3.6
Stealth        | 1 2 3 |  3.6
Shields        | 1 2 3 |  3.6
Unarmed Combat | 1 2 3 |  3.6
Evocations     | 1 2 3 |  3.6
Conjurations   | 1 2 |  2.9
Hexes          | 1 2 |  2.9
Summonings     | 1 2 |  2.9
Necromancy     | 1 2 |  2.9
Transmutations | 1 2 |  2.9
Fire Magic     | 1 2 |  2.9
Ice Magic      | 1 2 |  2.9
Air Magic      | 1 2 |  2.9
Earth Magic    | 1 2 |  2.9
Poison Magic   | 1 2 |  2.9
Throwing       | 3 4 |  4.5
Armour         | 3 4 |  4.5
Fighting       | 5 |  5.9
Polearms       | 5 |  5.9
Dodging        | 5 |  5.9
Translocations | 6 |  6.2

Action                   |  1- 3 |  4- 6 |  7- 9 || total
-------------------------+-------+-------+-------++-------
Melee: Spear             |   124 |   411 |    97 ||   632
       Bite              |     8 |    51 |    30 ||    89
       Punch             |     3 |     4 |     7 ||    14
       Dagger            |       |       |   174 ||   174
       Flail             |       |       |     2 ||     2
Throw: Stone             |       |     1 |       ||     1
       Boomerang         |       |    14 |    13 ||    27
 Cast: Blink             |       |     4 |     2 ||     6
 Stab: Sleeping          |       |     1 |     4 ||     5
Armor: Leather armour    |    16 |    61 |    54 ||   131
Dodge: Dodged            |    55 |   190 |   180 ||   425
